 Dungeon Crawl Stone Soup version 0.23.2-33-g5129a83184 (webtiles) character file.

Game seed: 171980268676914616

2 MalarOregon the Magician (level 1, -1/15 HPs)
             Began as a Ghoul Wizard on July 11, 2019.
             Slain by a hobgoblin (3 damage)
             ... on level 1 of the Dungeon.
             The game lasted 00:00:22 (35 turns).

MalarOregon the Magician (Ghoul Wizard)               Turns: 35, Time: 00:00:23

Health: -1/15      AC:  2    Str: 10    XL:     1   Next: 40%
Magic:  0/3        EV: 12    Int: 13    God:
Gold:   0          SH:  0    Dex:  7    Spells: 4/5 levels left

rFire    . . .     SeeInvis .   (no weapon)
rCold    + . .     Gourm    .   (no shield)
rNeg     + + +     Faith    .   a - +0 robe
rPois    ∞         Spirit   .   b - +0 hat
rElec    .         Reflect  .   (no cloak)
rCorr    .         Harm     .   (no gloves)
MR       .....                  (no boots)
Stlth    ++........             (no amulet)
HPRegen  0.00/turn              (no ring)
MPRegen  0.08/turn              (no ring)

@: very slightly contaminated, rotting
A: rotting body, claws 1, carnivore, cold resistance 1, negative energy
resistance 3, inhibited regeneration, torment resistance, unbreathing
a: no special abilities


You were on level 1 of the Dungeon.
You were not hungry.

You visited 1 branch of the dungeon, and saw 1 of its levels.

Inventory:

Armour
 a - a +0 robe (worn)
 b - a +0 hat (worn)
Scrolls
 c - a scroll of enchant weapon {unknown}
Comestibles
 e - a ration {!d}


   Skills:
 + Level 0.3 Fighting
 - Level 1.7 Dodging
 - Level 2.1 Stealth
 + Level 2.7 Spellcasting
 + Level 0.9 Conjurations
   Level 0.8 Summonings
   Level 0.8 Translocations


You had 4 spell levels left.
You knew the following spells:

 Your Spells              Type           Power        Failure   Level  Hunger
a - Magic Dart            Conj           #...         16%         1    #......

Your spell library contained the following spells:

 Spells                   Type           Power        Failure   Level  Hunger
 Blink                    Tloc           N/A          26%         2    ###....
 Call Imp                 Summ           #.......     26%         2    ###....
 Slow                     Hex            #.......     34%         2    ###....
 Conjure Flame            Conj/Fire      #.......     52%         3    ###....
 Mephitic Cloud           Conj/Pois/Air  #.......     54%         3    ###....


Dungeon Overview and Level Annotations

Branches:
Dungeon (1/15)

Altars:


Innate Abilities, Weirdness & Mutations

Your body is rotting away.
You thrive on raw meat.
You are immune to poison.
You have sharp fingernails.
You are carnivorous and can eat meat at any time.
Your flesh is cold resistant. (rC+)
You are immune to negative energy. (rN+++)
You do not regenerate when monsters are visible.
You are immune to unholy pain and torment.
You can survive without breathing.


Message History

c - a scroll labeled SOFOZUSITI You open the door.
There is an open door here.
Found 26 stones.
A frilled lizard, a rat and a kobold come into view.
The kobold shouts!
Found a leather armour.
Found a stone staircase leading down.
A hobgoblin comes into view.
The hobgoblin shouts!
The frilled lizard hisses angrily.
You scratch the kobold. The kobold closely misses you.
You closely miss the kobold. The kobold barely misses you.
You scratch the kobold but do no damage.
The kobold misses you.
You barely miss the kobold.
You scratch the kobold but do no damage.
The kobold closely misses you.
You scratch the kobold. The kobold hits you with a +0 club.
You scratch the kobold but do no damage.
The kobold barely misses you.
You barely miss the kobold. The kobold hits you with a +0 club.
* * * LOW HITPOINT WARNING * * *
Aim: a kobold, wielding a +0 club (heavily wounded)
You miscast Magic Dart.
You are very lightly contaminated with residual magic.
You smell something strange.
The kobold misses you.
Aim: a kobold, wielding a +0 club (heavily wounded)
The magic dart hits the kobold.
You kill the kobold!
Aim: a rat
Okay, then.
You scratch the rat but do no damage. You scratch the rat but do no damage.
The rat bites you but does no damage.
You scratch the rat.
You kill the rat!
You scratch the frilled lizard but do no damage.
The frilled lizard bites you.
* * * LOW HITPOINT WARNING * * *
You miss the frilled lizard.
The frilled lizard bites you but does no damage.
You closely miss the frilled lizard. The frilled lizard closely misses you.
You miss the frilled lizard.
The frilled lizard bites you but does no damage.
You scratch the frilled lizard but do no damage.
The frilled lizard barely misses you.
You scratch the frilled lizard.
You kill the frilled lizard!
Aim: a hobgoblin The magic dart hits the hobgoblin.
The hobgoblin hits you.
You die...

>...... ......[
....^.. # .......
.# ....... #.#
.....(. ♣♣♣##.♣♣
#....g##≈♣#.♣.♣#♣##
♣@...........♣
##...........#
#≈..##'####..
♣♣..#.....#
#...#.....#
#.♣..#.....#
##...#.<...#
♣♣..#.....#
#..####+##


You could see a hobgoblin.

Vanquished Creatures
  A kobold (D:1)
  A frilled lizard (D:1)
  A rat (D:1)
3 creatures vanquished.

Notes
Turn   | Place    | Note
-------+----------+-------------------------------------------
     0 | D:1      | MalarOregon the Ghoul Wizard began the quest for the Orb.
     0 | D:1      | Reached XP level 1. HP: 14/14 MP: 3/3
    35 | D:1      | Slain by a hobgoblin

Action                   || total
-------------------------++-------
Melee: Unarmed           ||    17
 Cast: Magic Dart        ||     2
Armor: Robe              ||     3
Dodge: Dodged            ||     8
